AoeStats
← ramnsten

Black Forest

508258728Analyzed
4v4 RM · 11d ago on Sep 21, 2026· 63m 5s· 8 players
Game mode
Random Map
Map size
Large (8 player)
Population
200
Speed
Normal
Resources
Standard
Victory
Conquest
Starting age
Dark Age
Ending age
Imperial Age
RankedLock teamsTeams togetherTeam positionsShared explorationLock speedFull tech treeHidden civsTurbo modeCheats
Victory
Defeat
🇷🇺 Persians · Russia
700
+7
🇷🇺 Bohemians · Russia
661
+8
🇧🇷 Franks · Brazil
637
+9
🇵🇪 Franks · Peru
520
+13
🇪🇸 Franks · Spain
550
-12
🇹🇷 Franks · Türkiye
484
-10
🇵🇷 Inca · Puerto Rico
436
-8
🇮🇹 Mongols · Italy
395
-7
er_titi92
13:27 Feudal Age
14:14 Double-Bit Axe
15:13 Wheelbarrow
27:51 Castle Age
26:29 Scale Barding Armor
29:20 Bow Saw
30:26 Caravan
31:12 Hand Cart
36:51 Imperial Age
36:17 Chain Barding Armor
36:19 Masonry
36:30 Husbandry
38:56 Town Watch
38:57 Loom
38:40 Cavalier
39:15 Pikeman
39:41 Gambesons
39:42 Arson
39:25 Elite Skirmisher
40:54 Gold Mining
40:56 Stone Mining
41:12 Halberdier
41:53 Squires
43:02 Gold Shaft Mining
42:26 Paladin
44:12 Plate Barding Armor
44:09 Ballistics
43:42 Arrowslits
47:40 Architecture
47:23 Fortified Wall
48:14 Chemistry
47:21 Siege Engineers
47:07 Guard Tower
47:14 Murder Holes
47:26 Siphons
47:53 Chivalry
53:13 Scale Mail Armor
56:17 Chemistry
57:08 Chain Mail Armor
57:03 Forging
Pikothh
6:39 Loom
11:08 Feudal Age
11:46 Double-Bit Axe
14:21 Gold Mining
14:23 Stone Mining
24:02 Castle Age
25:22 Bow Saw
26:08 Gold Shaft Mining
29:01 Coinage
28:32 Caravan
32:20 Wheelbarrow
35:56 Imperial Age
33:42 Hand Cart
33:15 Town Watch
34:19 Pikeman
34:59 Squires
34:20 Man-at-Arms
34:45 Gambesons
34:46 Arson
35:03 Husbandry
34:24 Light Cavalry
35:12 Scale Barding Armor
35:08 Scale Mail Armor
35:18 Forging
36:53 Chain Barding Armor
36:50 Chain Mail Armor
37:23 Banking
38:27 Chemistry
37:38 Fortified Wall
37:52 Ballistics
36:56 Cavalier
38:14 Iron Casting
38:18 Paladin
39:37 Plate Barding Armor
38:45 Onager
42:23 Blast Furnace
43:51 Halberdier
45:58 Plate Mail Armor
45:29 Padded Archer Armor
45:20 Fletching
Navi
1:07 Loom
13:36 Feudal Age
14:26 Town Watch
17:15 Wheelbarrow
21:48 Double-Bit Axe
29:10 Castle Age
34:53 Imperial Age
35:22 Town Patrol
35:50 Bow Saw
37:27 Treadmill Crane
37:40 Guard Tower
38:20 Horse Collar
40:48 Keep
40:26 Masonry
43:19 Arson
43:34 Squires
42:55 Pikeman
43:41 Heavy Plow
44:04 Murder Holes
44:43 Andean Sling
47:30 Halberdier
hallerpeter14
15:05 Feudal Age
16:48 Horse Collar
16:57 Double-Bit Axe
19:04 Arson
18:41 Man-at-Arms
18:47 Man-at-Arms
19:46 Gold Mining
19:49 Stone Mining
23:29 Castle Age
23:55 Long Swordsman
24:59 Heavy Plow
25:28 Bow Saw
28:43 Gold Shaft Mining
30:24 Stone Shaft Mining
37:42 Pikeman
43:25 Imperial Age
47:39 Two-Handed Swordsman
VET
13:44 Feudal Age
14:08 Double-Bit Axe
15:04 Wheelbarrow
14:41 Gold Mining
14:45 Stone Mining
15:24 Horse Collar
23:41 Castle Age
24:28 Bow Saw
24:36 Hand Cart
24:23 Heavy Plow
25:08 Gold Shaft Mining
25:12 Stone Shaft Mining
24:46 Caravan
38:38 Imperial Age
39:43 Crop Rotation
40:19 Two-Man Saw
39:10 Town Watch
39:10 Loom
39:39 Forging
39:37 Scale Barding Armor
41:04 Chemistry
40:02 Murder Holes
40:18 Masonry
40:23 Guilds
40:43 Coinage
40:08 Elite War Elephant
41:13 Conscription
42:09 Iron Casting
41:56 Chain Barding Armor
42:22 Hoardings
41:58 Citadels
41:20 Sappers
41:51 Kamandaran
42:27 Architecture
42:20 Ballistics
41:54 Fletching
42:07 Town Patrol
42:42 Bloodlines
43:18 Plate Barding Armor
43:59 Husbandry
45:31 Blast Furnace
44:28 Bodkin Arrow
44:34 Padded Archer Armor
44:51 Thumb Ring
45:12 Parthian Tactics
47:05 Leather Archer Armor
46:52 Scale Mail Armor
48:57 Elite Skirmisher
54:07 Heavy Camel Rider
58:33 Banking
62:40 Devotion
63:15 Theocracy
62:36 Herbal Medicine
62:56 Block Printing
62:53 Fervor
62:05 Light Cavalry
62:07 Cavalier
62:10 Man-at-Arms
62:36 Gambesons
62:14 Pikeman
62:54 Squires
62:42 Arson
63:31 Ring Archer Armor
63:18 Chain Mail Armor
62:56 Heated Shot
62:59 Guard Tower
ramnsten
11:46 Feudal Age
12:49 Double-Bit Axe
14:37 Wheelbarrow
20:07 Castle Age
18:52 Gold Mining
20:03 Scale Barding Armor
21:48 Gold Shaft Mining
21:50 Bow Saw
24:08 Loom
24:41 Hand Cart
28:48 Stone Mining
33:33 Imperial Age
33:03 Chain Barding Armor
33:29 Husbandry
32:50 Light Cavalry
34:23 Cavalier
36:07 Scale Mail Armor
36:46 Plate Barding Armor
36:24 Forging
36:15 Padded Archer Armor
36:08 Fletching
39:12 Paladin
40:53 Chain Mail Armor
41:13 Iron Casting
40:56 Leather Archer Armor
40:37 Bodkin Arrow
41:59 Chemistry
44:32 Onager
49:40 Plate Mail Armor
50:13 Blast Furnace
49:57 Pikeman
50:37 Squires
50:24 Arson
kaifanestro
9:15 Loom
12:49 Feudal Age
13:58 Double-Bit Axe
15:08 Wheelbarrow
19:41 Gold Mining
25:00 Castle Age
23:19 Stone Mining
25:04 Forging
28:51 Gold Shaft Mining
31:00 Imperial Age
28:46 Hand Cart
32:22 Imperial Age
30:10 Hand Cart
30:36 Fletching
31:22 Iron Casting
33:11 Iron Casting
32:42 Scale Barding Armor
32:33 Bodkin Arrow
33:27 Coinage
36:17 Banking
37:24 Chain Barding Armor
38:48 Cavalier
39:29 Husbandry
40:29 Conscription
41:59 Paladin
43:19 Caravan
46:46 Blast Furnace
46:24 Plate Barding Armor
Hash
12:26 Feudal Age
12:53 Double-Bit Axe
13:49 Wheelbarrow
13:21 Town Watch
23:18 Horse Collar
27:39 Castle Age
29:20 Hand Cart
29:08 Town Patrol
29:56 Bow Saw
32:41 Heavy Plow
38:15 Scale Mail Armor
38:09 Loom
40:08 Wagenburg Tactics
41:28 Chemistry
40:09 Treadmill Crane
40:40 Masonry
40:53 Ballistics
40:44 Fortified Wall
40:30 Murder Holes
43:12 Imperial Age
44:06 Man-at-Arms
44:25 Houfnice
45:38 Conscription
45:26 Hussite Reforms
46:03 Architecture
46:59 Two-Man Saw
46:41 Elite Hussite Wagon
47:42 Pikeman
47:42 Long Swordsman
48:24 Squires
48:11 Arson
48:19 Halberdier
48:20 Two-Handed Swordsman
50:46 Heavy Scorpion
55:47 Caravan
Connection lost

Rejoining the realm…

Still unreachable

The connection could not be restored.

Session expired

The server has moved on; the page needs a fresh start.